[Event "Team 45 45 League T60"]
[Site "Internet Chess Club"]
[Date "2014.03.21"]
[Round "4"]
[White "Betablinx"]
[Black "PJ"]
[Result "1-0"]
[WhiteElo "1874"]
[BlackElo "1626"]
[Opening "Queen's pawn game, Chigorin variation"]
[ECO "A04"]
[Time "15:03:32"]
[TimeControl "2700+45"]

1. Nf3 Nc6 2. d4 d5 3. e3 e6 4. c4 Nf6 5. Nc3 Be7 6. cxd5 exd5 7. Bb5 Bd7 8. O-O
O-O 9. Re1 a6 10. Bxc6 Bxc6 11. Ne5 Nd7 12. Nxc6 bxc6 13. Qa4 c5 14. Nxd5 Nb6
15. Nxb6 cxb6 16. dxc5 Bxc5 17. b4 b5 18. Qb3 Bd6 19. Rd1 Qe7 20. a3 Rfd8 21.
Bb2 Rac8 22. Rac1 Rc7 23. Rxc7 Qxc7 24. g3 Be7 25. Rxd8+ Qxd8 26. Bd4 g5 27. Qc3
Qd7 28. Qc2 f5 29. Qb3+ Kf8 30. Qc3 g4 31. Bg7+ Kg8 32. Bd4 Kf7 33. Qb3+ Kf8 34.
Bc5 h5 35. Qc2 Kf7 36. Bxe7 Kxe7 37. e4 fxe4 38. Qxe4+ Kf8 39. Qf4+ Kg8 40. Qg5+
Kf8 41. h3 Qd1+ 42. Kh2 Qe2 43. Qf4+ Kg8 44. Qe3 Qc4 45. Qe8+ Kg7 46. Qxh5 gxh3
47. Qxh3 Qe2 48. Qd7+ {Black resigns} 1-0

[Event "Team 45 45 League T60"]
[Site "Internet Chess Club"]
[Date "2014.03.20"]
[Round "4"]
[White "zap2"]
[Black "crazyhorses"]
[Result "1-0"]
[WhiteElo "1727"]
[BlackElo "1377"]
[Opening "Benko's opening"]
[ECO "A00"]
[Time "15:16:08"]
[TimeControl "2700+45"]

1. g3 c5 2. Bg2 Nc6 3. d3 e6 4. e4 Nge7 5. Nf3 d5 6. Nbd2 Bd7 7. O-O Qc7 8. c3
Rc8 9. Qe2 Ng6 10. exd5 Nce5 11. Nxe5 Nxe5 12. f4 Ng6 13. dxe6 fxe6 14. f5 Ne5
15. d4 cxd4 16. cxd4 Bb4 17. fxe6 Bb5 18. Qxb5+ {Black resigns} 1-0

[Event "Team 45 45 League T60"]
[Site "Internet Chess Club"]
[Date "2014.03.20"]
[Round "4"]
[White "caglar"]
[Black "Tjet"]
[Result "1-0"]
[WhiteElo "1590"]
[BlackElo "1486"]
[Opening "King's pawn opening"]
[ECO "B07"]
[Time "15:05:52"]
[TimeControl "2700+45"]

1. e4 d6 2. d4 e5 3. dxe5 dxe5 4. Qxd8+ Kxd8 5. Nf3 f6 6. Nc3 c6 7. Be3 Kc7 8.
a3 Be6 9. O-O-O Nd7 10. Nd2 Nb6 11. f4 exf4 12. Bxf4+ Bd6 13. Bxd6+ Kxd6 14.
Nc4+ Kc7 15. Ne3 Ne7 16. Be2 Rad8 17. b4 Rxd1+ 18. Rxd1 Rd8 19. Rxd8 Kxd8 20. a4
a6 21. a5 Nd7 22. Bc4 Bxc4 23. Nxc4 Kc7 24. Kd2 Ng6 25. Ke3 Nge5 26. Nxe5 Nxe5
27. Kd4 Kd6 28. h3 g5 29. Ne2 Nd7 30. Ng3 c5+ 31. bxc5+ Nxc5 32. Nf5+ Kc6 33.
Ne7+ Kb5 34. c4+ Kb4 35. Nd5+ Kxa5 36. Kxc5 b5 37. cxb5 axb5 38. Nxf6 b4 39. Nd5
b3 40. Nc3 b2 41. e5 Ka6 42. e6 b1=Q 43. Nxb1 Kb7 44. e7 {Black resigns} 1-0

[Event "Team 45 45 League T60"]
[Site "Internet Chess Club"]
[Date "2014.03.22"]
[Round "4"]
[White "SATELLITE-DAN"]
[Black "kingphisch"]
[Result "1-0"]
[WhiteElo "1638"]
[BlackElo "1485"]
[Opening "QGD semi-Slav: Stoltz variation"]
[ECO "D45"]
[Time "17:00:48"]
[TimeControl "2700+45"]

1. d4 c6 2. c4 d5 3. Nc3 Nf6 4. e3 e6 5. Nf3 Nbd7 6. Qc2 Be7 7. a3 Qc7 8. Bd2 a6
9. Bd3 e5 10. e4 dxe4 11. Nxe4 Nxe4 12. Bxe4 exd4 13. Nxd4 Nf6 14. Bf3 O-O 15.
O-O-O Bg4 16. h3 Bxf3 17. gxf3 Rac8 18. h4 Rfe8 19. Rdg1 Qe5 20. Nf5 g6 21. h5
Bf8 22. hxg6 fxg6 23. Nh4 Rc7 24. Bc3 Qf4+ 25. Kb1 Qd6 26. Nxg6 hxg6 27. Rxg6+
Bg7 28. Bxf6 Kf7 29. Rh7 Rg8 30. Rhxg7+ Rxg7 31. Rxg7+ Kxf6 32. Rg6+ Ke7 33.
Rxd6 Kxd6 34. c5+ Kd7 35. Qd3+ Ke8 36. Qd6 Rd7 37. Qg6+ Rf7 38. b4 Ke7 39. Kc2
Rxf3 40. Qd6+ Ke8 41. Qg6+ Kf8 42. Qh6+ Ke7 43. Qg5+ Kf8 44. Qd8+ Kg7 45. Qd7+
Rf7 46. Qg4+ Kf8 47. f4 Rg7 48. Qc8+ {Black resigns} 1-0

[Event "Team 45 45 League T60"]
[Site "Internet Chess Club"]
[Date "2014.03.21"]
[Round "4"]
[White "flyingpawns"]
[Black "spongenotbob"]
[Result "0-1"]
[WhiteElo "1721"]
[BlackElo "1972"]
[Opening "QGD semi-Slav: Meran, 8...a6"]
[ECO "D48"]
[Time "23:30:17"]
[TimeControl "2700+45"]

1. d4 d5 2. c4 c6 3. Nc3 Nf6 4. Nf3 e6 5. e3 Nbd7 6. Bd3 dxc4 7. Bxc4 b5 8. Bd3
a6 9. a3 c5 10. O-O Bb7 11. Re1 Bd6 12. Bc2 Qb8 13. h3 O-O 14. dxc5 Nxc5 15. b4
Ncd7 16. Bb2 Ne5 17. Nxe5 Bxe5 18. Rb1 Qe8 19. Ne2 Qc6 20. f3 Bxb2 21. Rxb2 Rfd8
22. Qc1 Rac8 23. Qb1 h6 24. Rc1 Qb6 25. Rb3 Bd5 26. Rd3 Bc4 27. Rxd8+ Rxd8 28.
Nd4 Nd5 29. Re1 Nxe3 30. Rxe3 Qxd4 31. Qe1 Qd2 32. Be4 Qxe1+ 33. Rxe1 Kf8 34.
Bb7 Rd6 35. Be4 Ke7 36. Kf2 Rd2+ 37. Kg3 Ra2 38. Re3 Rd2 39. f4 Bd5 40. Bd3
Rxg2+ 41. Kh4 Kf6 42. Bf1 Rf2 {White resigns} 0-1

[Event "Team 45 45 League T60"]
[Site "Internet Chess Club"]
[Date "2014.03.20"]
[Round "4"]
[White "Chess-Boy"]
[Black "bayoumicardio10"]
[Result "1-0"]
[WhiteElo "1640"]
[BlackElo "1617"]
[Opening "Pirc defense"]
[ECO "B07"]
[Time "18:00:31"]
[TimeControl "2700+45"]

1. e4 d6 2. d4 Nf6 3. Nc3 g6 4. f3 c6 5. Be3 b5 6. Bd3 Nbd7 7. Nge2 a6 8. g4 Nb6
9. Qd2 h5 10. g5 Nfd7 11. f4 c5 12. e5 Bb7 13. Be4 Nc4 14. Qc1 Bxe4 15. Nxe4
Nxe3 16. Qxe3 dxe5 17. dxe5 Qc7 18. Nd6+ Kd8 19. Nxf7+ Kc8 20. Nxh8 Bg7 21. Nxg6
Kd8 22. O-O-O Ke8 23. Nc3 e6 24. Qf3 Rb8 25. Ne4 Nxe5 26. fxe5 Bxe5 27. Qf8#
{Black checkmated} 1-0

[Event "Team 45 45 League T60"]
[Site "Internet Chess Club"]
[Date "2014.03.24"]
[Round "4"]
[White "uzi"]
[Black "drsigmund1"]
[Result "1-0"]
[WhiteElo "1437"]
[BlackElo "1516"]
[Opening "French defense, Steiner variation"]
[ECO "C00"]
[Time "13:38:58"]
[TimeControl "2700+45"]

1. e4 e6 2. c4 c5 3. Nc3 Nc6 4. Nf3 Bd6 5. d3 Nge7 6. Bg5 O-O 7. Be2 Qc7 8. Nb5
Qa5+ 9. Bd2 Qb6 10. Nxd6 Nd4 11. Nxc8 Nxf3+ 12. Bxf3 Raxc8 13. Bc3 Nc6 14. O-O
Qc7 15. b3 f5 16. exf5 Rxf5 17. Be4 Rh5 18. Qxh5 {Black resigns} 1-0

[Event "Team 45 45 League T60"]
[Site "Internet Chess Club"]
[Date "2014.03.25"]
[Round "4"]
[White "CaptK"]
[Black "Hal2001"]
[Result "1-0"]
[WhiteElo "1544"]
[BlackElo "1533"]
[Opening "English: symmetrical, Benoni formation"]
[ECO "A31"]
[Time "16:08:50"]
[TimeControl "2700+45"]

1. d4 Nf6 2. c4 c5 3. Nf3 cxd4 4. Nxd4 Nc6 5. g3 g6 6. Bg2 Bg7 7. O-O O-O 8. Nc3
Nxd4 9. Qxd4 d6 10. Bg5 Qa5 11. Qd2 Re8 12. Rfd1 Qc5 13. b3 a6 14. Rac1 Rb8 15.
Qe3 Qxe3 16. Bxe3 b6 17. Nd5 Nxd5 18. Bxd5 Bf5 19. Bd4 Bh6 20. Rc3 e6 21. Bg2 e5
22. Be3 Bf8 23. Bd5 Bg7 24. Rcc1 Be6 25. Bxe6 Rxe6 26. Rd5 Bf8 27. Rcd1 b5 28.
cxb5 axb5 29. Rc1 Ra8 30. Rc2 Ree8 31. Rxb5 f5 32. Rb6 d5 33. a4 d4 34. Bd2 Rab8
35. Rcc6 Rec8 36. Rxc8 Rxc8 37. Kf1 Bc5 38. Rb5 e4 39. Bb4 Bxb4 40. Rxb4 Rc1+
41. Kg2 Rc3 42. Rxd4 Rxb3 43. e3 Ra3 44. Kf1 Ra1+ 45. Ke2 Ra2+ 46. Kf1 Kf7 47.
h3 Ke6 48. g4 h5 49. gxh5 gxh5 50. Kg2 Ke5 51. Rd7 f4 52. Re7+ Kf5 53. Rf7+ Kg6
54. Rxf4 Rxa4 55. Kg3 Kg5 56. h4+ Kg6 57. f3 Ra1 58. Rxe4 Kf5 59. Rf4+ Ke5 60.
Rf7 Rg1+ 61. Kh2 Re1 62. Rh7 Rxe3 63. Re7+ Kf4 64. Rxe3 Kxe3 65. Kg3 Kd4 66. Kf4
Kd5 67. Kg5 Ke5 68. f4+ Ke6 69. f5+ Kf7 70. f6 Kf8 71. Kxh5 Kf7 72. Kg5 Kf8 73.
Kg6 Kg8 74. h5 Kh8 75. Kf7 Kh7 76. Ke8 Kh8 77. f7 Kh7 78. h6 {Black resigns} 1-0

[Event "Team 45 45 League T60"]
[Site "Internet Chess Club"]
[Date "2014.03.21"]
[Round "4"]
[White "anna"]
[Black "room-matt"]
[Result "0-1"]
[WhiteElo "1828"]
[BlackElo "1830"]
[Opening "Giuoco Piano"]
[ECO "C50"]
[Time "16:11:43"]
[TimeControl "2700+45"]

1. e4 e5 2. Nf3 Nc6 3. Bc4 Bc5 4. O-O Nf6 5. d3 d6 6. h3 O-O 7. Bg5 h6 8. Bh4
Na5 9. Bb3 Nxb3 10. axb3 Be6 11. Nbd2 a6 12. c3 Re8 13. b4 Ba7 14. d4 exd4 15.
cxd4 g5 16. Bg3 g4 17. hxg4 Bxg4 18. e5 Nh5 19. Bh4 Qxh4 20. Nxh4 Bxd1 21. Raxd1
dxe5 22. dxe5 Rxe5 23. Nhf3 Re2 24. b3 Ng3 {White resigns} 0-1

[Event "Team 45 45 League T60"]
[Site "Internet Chess Club"]
[Date "2014.03.22"]
[Round "4"]
[White "jps7"]
[Black "ausya"]
[Result "0-1"]
[WhiteElo "1728"]
[BlackElo "1838"]
[Opening "King's Indian: East Indian defense"]
[ECO "A48"]
[Time "20:00:16"]
[TimeControl "2700+45"]

1. d4 Nf6 2. Nf3 g6 3. e3 Bg7 4. Bd3 Nc6 5. a3 d6 6. O-O O-O 7. Nbd2 Re8 8. e4
e5 9. d5 Ne7 10. c4 c6 11. Qc2 Bg4 12. h3 Bxf3 13. Nxf3 cxd5 14. cxd5 Nexd5 15.
exd5 e4 16. Bb5 exf3 17. Bxe8 Qxe8 18. gxf3 Nxd5 19. Qb3 Qe6 20. Qxb7 Nb6 21.
Kg2 d5 22. Rb1 Bf8 23. Be3 Qc8 24. Qxc8 Nxc8 25. Rfd1 Ne7 26. Bc5 Rd8 27. Bxa7
Nc6 28. Bb6 Rd7 29. Rd2 Rb7 30. Be3 Bxa3 31. Rxd5 Rxb2 32. Rxb2 Bxb2 33. Rc5 Ne7
34. Rb5 Bc3 35. Bh6 f5 36. Rb8+ Kf7 37. Rf8+ Ke6 38. Bg5 Nd5 39. Re8+ Kf7 40.
Rd8 Bf6 41. Rd7+ Ke6 42. Rxh7 Bxg5 43. h4 Be7 44. Rh6 Kf7 45. h5 Nf4+ 46. Kf1
Nxh5 47. Rh7+ Ng7 48. Ke2 Bg5 49. Rh1 Ne6 50. Ra1 Nd4+ 51. Kd3 Nxf3 52. Ra7+ Kf6
53. Ra6+ Kg7 54. Ke2 Ne5 55. Ra4 Bf6 56. f4 Nc6 57. Kf3 Kf7 58. Ke3 Ke8 59. Kd3
Kd7 60. Kc4 Be7 61. Kd5 Bd6 62. Rc4 Ne7+ 63. Kd4 Bxf4 64. Kd3 g5 65. Ke2 Ke6 66.
Kf3 Kd5 67. Ra4 Nc6 68. Ra8 Nd4+ 69. Kf2 Ke4 70. Re8+ Be5 71. Rg8 Kf4 72. Re8 g4
73. Kg2 Ke4 74. Kf2 g3+ 75. Kg2 f4 76. Kg1 Kf3 77. Rxe5 Ne2+ 78. Kh1 g2+ {White
resigns} 0-1

[Event "Team 45 45 League T60"]
[Site "Internet Chess Club"]
[Date "2014.03.23"]
[Round "4"]
[White "JasonModer"]
[Black "julesraider"]
[Result "1-0"]
[WhiteElo "1751"]
[BlackElo "1551"]
[Opening "King's Indian: Andersson variation"]
[ECO "E92"]
[Time "10:30:24"]
[TimeControl "2700+45"]

1. d4 Nf6 2. c4 g6 3. Nc3 Bg7 4. e4 d6 5. Nf3 O-O 6. Be2 e5 7. dxe5 dxe5 8. O-O
Nc6 9. Bg5 Qe8 10. Nd5 Nxd5 11. cxd5 Ne7 12. Qb3 h6 13. Bh4 g5 14. Bg3 Ng6 15.
Rac1 f5 16. exf5 Rxf5 17. d6+ Be6 18. Bc4 Nf8 19. Bxe6+ Nxe6 20. Rxc7 Kh8 21.
Re7 Rxf3 22. Rxe8+ Rf8 23. Rxa8 Rxa8 24. Qxe6 {Black resigns} 1-0

[Event "Team 45 45 League T60"]
[Site "Internet Chess Club"]
[Date "2014.03.23"]
[Round "4"]
[White "rayngrant"]
[Black "Joeohio"]
[Result "0-1"]
[WhiteElo "1537"]
[BlackElo "1600"]
[Opening "Sicilian: Richter-Rauzer, 6...e6"]
[ECO "B62"]
[Time "17:02:20"]
[TimeControl "2700+45"]

1. e4 c5 2. Nf3 Nc6 3. d4 cxd4 4. Nxd4 Nf6 5. Nc3 d6 6. Bg5 e6 7. f4 Be7 8. Bc4
O-O 9. Nxc6 bxc6 10. e5 dxe5 11. fxe5 Nd5 12. Nxd5 cxd5 13. Bxe7 Qxe7 14. Bb3
Ba6 15. Qd4 Rfc8 16. O-O-O Bc4 17. Kb1 Rc5 18. h4 a5 19. a3 a4 20. Bxc4 Rxc4 21.
Qd3 Rac8 22. c3 Qb7 23. Rc1 Qb3 24. Rh3 d4 25. Ka1 dxc3 26. Rxc3 Rxc3 27. bxc3
Rb8 {White resigns} 0-1

[Event "Team 45 45 League T60"]
[Site "Internet Chess Club"]
[Date "2014.03.25"]
[Round "4"]
[White "clarinetref"]
[Black "Bryant-L"]
[Result "1-0"]
[WhiteElo "1634"]
[BlackElo "1625"]
[Opening "French: King's Indian attack"]
[ECO "C00"]
[Time "10:02:10"]
[TimeControl "2700+45"]

1. e4 e6 2. d3 d5 3. Nd2 Nf6 4. g3 c5 5. Bg2 Nc6 6. Ngf3 Be7 7. O-O b6 8. e5 Nd7
9. Re1 Bb7 10. Nf1 Qc7 11. Bf4 h6 12. h4 O-O-O 13. c3 Rdg8 14. Qd2 Nf8 15. h5 g5
16. hxg6 Nxg6 17. Bxh6 Ncxe5 18. Nxe5 Nxe5 19. Bf4 Bd6 20. Nh2 f6 21. d4 Nc4 22.
Bxd6 Qxd6 23. Qe2 Kd7 24. b3 Na5 25. Ng4 Rg6 26. Bf3 cxd4 27. cxd4 Nc6 28. Qd3
Rhg8 29. Qd1 Ba6 30. Re3 Ne7 31. Rc1 Nf5 32. Rec3 Nh6 33. Rc7+ Qxc7 34. Rxc7+
Kxc7 35. Nxh6 R8g7 36. Qc1+ Kd7 37. Qf4 f5 38. Nxf5 exf5 39. Qxf5+ Ke7 40. Qxd5
Re6 41. Qh5 Bd3 42. Qh4+ Kf7 43. Bd5 {Black resigns} 1-0

[Event "Team 45 45 League T60"]
[Site "Internet Chess Club"]
[Date "2014.03.24"]
[Round "4"]
[White "QuimCatala"]
[Black "PostMike"]
[Result "1-0"]
[WhiteElo "1343"]
[BlackElo "1415"]
[Opening "Sicilian: Najdorf, Byrne (English) attack"]
[ECO "B90"]
[Time "14:30:30"]
[TimeControl "2700+45"]

1. e4 c5 2. Nf3 d6 3. d4 cxd4 4. Nxd4 Nf6 5. Nc3 a6 6. Be3 e6 7. f3 Be7 8. Qd2
O-O 9. O-O-O b5 10. a3 Bb7 11. g4 Nc6 12. h4 Ne5 13. h5 d5 14. g5 Ne8 15. g6
hxg6 16. h6 Bf6 17. hxg7 Bxg7 18. Qh2 Nf6 19. Bg5 Ned7 20. Bh6 Nh5 21. Bxg7 Kxg7
22. Rg1 Rh8 23. f4 Nhf6 24. Qg2 Nxe4 25. Nxe6+ fxe6 26. Qxg6+ Kf8 27. Qg7+ Ke8
28. Qxh8+ Ke7 29. Qg7+ Kd6 30. Nxe4+ Kc6 31. Qc3+ Kb6 32. Qd4+ Kc7 33. Nc5 Nxc5
34. Qxc5+ Bc6 35. Rg7+ {Black resigns} 1-0

[Event "Team 45 45 League T60"]
[Site "Internet Chess Club"]
[Date "2014.03.22"]
[Round "4"]
[White "smsxman"]
[Black "tamky70"]
[Result "0-1"]
[WhiteElo "1389"]
[BlackElo "1370"]
[Opening "French: exchange, Svenonius variation"]
[ECO "C01"]
[Time "10:00:41"]
[TimeControl "2700+45"]

1. e4 e6 2. d4 d5 3. exd5 exd5 4. Nc3 Nf6 5. Bg5 Be7 6. Nf3 Bg4 7. Qe2 O-O 8.
O-O-O c6 9. h3 Bh5 10. g4 Bg6 11. Nh4 Ne4 12. Bxe7 Qxe7 13. Nxg6 fxg6 14. f3
Qg5+ 15. Kb1 Ng3 16. Qe6+ Kh8 17. Rg1 Nxf1 18. Rdxf1 Qf6 19. Qe3 Nd7 20. g5 Qf4
21. Qd3 Nb6 22. b3 Rae8 23. Ne2 Qe3 24. Qxe3 Rxe3 25. Nc1 Nd7 26. f4 Re4 27. c3
Kg8 28. Nd3 a5 29. h4 b5 30. Ne5 Nxe5 31. dxe5 Rfxf4 32. Rxf4 Rxf4 33. Re1 Kf7
34. e6+ Ke7 35. Kc2 Re4 36. Rxe4 dxe4 37. Kd2 Kxe6 38. Ke3 Ke5 39. c4 b4 40. Ke2
Kd4 41. Kf2 Kd3 42. Ke1 c5 43. Kf2 Kd2 {White resigns} 0-1

[Event "Team 45 45 League T60"]
[Site "Internet Chess Club"]
[Date "2014.03.24"]
[Round "4"]
[White "Tribe97"]
[Black "Aquaman"]
[Result "1-0"]
[WhiteElo "1378"]
[BlackElo "1359"]
[Opening "English opening"]
[ECO "A20"]
[Time "20:00:33"]
[TimeControl "2700+45"]

1. c4 e5 2. g3 Nf6 3. Bg2 c6 4. d4 exd4 5. Qxd4 Be7 6. Nf3 O-O 7. O-O Na6 8. a3
Bc5 9. Qd3 Re8 10. b4 Be7 11. Bb2 d5 12. cxd5 Nxd5 13. e4 Nf6 14. Qxd8 Bxd8 15.
e5 Nd5 16. Nc3 Nxc3 17. Bxc3 Nc7 18. Rfe1 Nd5 19. Bb2 Be6 20. Rad1 Ne7 21. Nd4
Bd5 22. Bxd5 Nxd5 23. f4 Bb6 24. Kg2 Nc7 25. a4 Ne6 26. a5 Bc7 27. Nxe6 Rxe6 28.
Rd7 Rc8 29. f5 Ree8 30. e6 f6 31. Re4 Kh8 32. Rg4 Rg8 33. Rgxg7 Rxg7 34. Bxf6
Kg8 35. Rxg7+ Kf8 36. e7+ Ke8 37. Rg8+ Kd7 38. Rxc8 {Black resigns} 1-0

[Event "Team 45 45 League T60"]
[Site "Internet Chess Club"]
[Date "2014.03.28"]
[Round "4"]
[White "MateMaster"]
[Black "uzi"]
[Result "0-1"]
[WhiteElo "1502"]
[BlackElo "1457"]
[Opening "Scandinavian: Marshall variation"]
[ECO "B01"]
[Time "19:02:23"]
[TimeControl "2700+45"]

1. e4 d5 2. exd5 Nf6 3. d4 Nxd5 4. c4 Nf6 5. Nf3 Bg4 6. Nbd2 Nc6 7. Be2 e6 8. a3
Be7 9. O-O O-O 10. h3 Bh5 11. b3 Rb8 12. Bb2 Bd6 13. b4 b6 14. b5 Na5 15. Rc1
Bf4 16. a4 Bxf3 17. Nxf3 Bxc1 18. Qxc1 Nb7 19. c5 bxc5 20. dxc5 Ne4 21. c6 Nbd6
22. Ba3 Re8 23. Rd1 Qf6 24. Bb2 Qf5 25. Bd3 Qc5 26. Qxc5 Nxc5 27. Be2 Nxa4 28.
Be5 Nxb5 29. Bxb5 Rxb5 30. Bxc7 Rc5 31. Rd6 Rc8 32. Rd8+ Rxd8 33. Bxd8 Rxc6 34.
Ba5 Nb6 35. Kf1 f6 36. Ke2 Kf7 37. Kd3 Rd6+ 38. Ke3 Nc4+ 39. Ke2 Nxa5 40. Nd2
Rxd2+ 41. Kxd2 e5 42. g4 Ke6 43. Kd3 Kd5 44. h4 Nc4 45. h5 a5 46. Kc3 g6 47. g5
fxg5 48. h6 g4 49. Kb3 e4 50. Kc2 a4 51. Kb1 a3 52. Ka2 e3 53. fxe3 g3 54. e4+
Kxe4 55. Ka1 g2 56. Ka2 Kd3 57. Kb3 g1=Q 58. Ka2 Qf2+ 59. Kb3 Qc2+ 60. Kb4 Qb2+
61. Ka4 Nb6+ 62. Ka5 Nd7 63. Ka4 Kc3 64. Ka5 Qb6+ 65. Ka4 Nc5+ 66. Kxa3 Qb3#
{White checkmated} 0-1

[Event "Team 45 45 League T60"]
[Site "Internet Chess Club"]
[Date "2014.03.23"]
[Round "4"]
[White "Tjet"]
[Black "moodle"]
[Result "1/2-1/2"]
[WhiteElo "1485"]
[BlackElo "1470"]
[Opening "English opening"]
[ECO "A20"]
[Time "16:02:18"]
[TimeControl "2700+45"]

1. c4 e5 2. e4 Nf6 3. d3 Nc6 4. Nc3 Bb4 5. a3 Be7 6. Nd5 d6 7. Nxe7 Qxe7 8. Bg5
h6 9. Bxf6 Qxf6 10. Qd2 Nd4 11. Rb1 Be6 12. Be2 O-O 13. Nf3 Nc6 14. O-O a5 15.
b4 Rfe8 16. b5 Ne7 17. a4 b6 18. d4 Ng6 19. d5 Bd7 20. Kh1 Nf4 21. Rg1 Qg6 22.
Qe3 Rac8 23. Bf1 Qf6 24. Rb3 Ng6 25. g3 Bg4 26. Bg2 Qe7 27. h3 Bd7 28. Kh2 Rb8
{Game drawn by mutual agreement} 1/2-1/2

[Event "Team 45 45 League T60"]
[Site "Internet Chess Club"]
[Date "2014.03.23"]
[Round "4"]
[White "Bizzy-Ketty"]
[Black "KingOfClubs"]
[Result "1-0"]
[WhiteElo "1512"]
[BlackElo "1344"]
[Opening "Vienna game"]
[ECO "C28"]
[Time "17:31:18"]
[TimeControl "2700+45"]

1. e4 e5 2. Nc3 Nc6 3. Bc4 Nf6 4. Nge2 d6 5. O-O Bg4 6. f3 Bh5 7. d4 Be7 8. Be3
O-O 9. Qe1 exd4 10. Nxd4 Nxd4 11. Bxd4 c5 12. Be3 Bg6 13. Rd1 Nd7 14. f4 Nb6 15.
Be2 f6 16. Qg3 d5 17. exd5 f5 18. Rd2 Bd6 19. Qf2 Nd7 20. Bb5 b6 21. Bc6 Rb8 22.
Nb5 Nf6 23. Qe1 Ne4 24. Rd3 a6 25. Nc3 Qc7 26. a4 Be8 27. Bxe8 Rbxe8 28. Rf3
Nxc3 29. Qxc3 Re4 30. b3 Bxf4 31. Bxf4 Qd7 32. h3 Rfe8 33. Kf2 Re2+ 34. Kg3 Qf7
35. Kh2 {Black forfeits on time} 1-0

[Event "Team 45 45 League T60"]
[Site "Internet Chess Club"]
[Date "2014.03.23"]
[Round "4"]
[White "arconia"]
[Black "princevultan2"]
[Result "0-1"]
[WhiteElo "1265"]
[BlackElo "1139"]
[Opening "Inverted Hungarian"]
[ECO "C44"]
[Time "11:00:52"]
[TimeControl "2700+45"]

1. e4 e5 2. Nf3 Nc6 3. Be2 Nf6 4. d3 Bc5 5. h3 O-O 6. O-O d6 7. Nh2 h6 8. c4 Nd4
9. Bg4 a6 10. Nc3 c6 11. Kh1 Nxg4 12. Nxg4 Bxg4 13. Qxg4 Qf6 14. f4 b5 15. Bd2
Bb4 16. Nd5 cxd5 17. Bxb4 Nc2 18. fxe5 Qg6 19. Bxd6 Qxg4 20. hxg4 Nxa1 21. Bxf8
Rxf8 22. Rxa1 bxc4 23. exd5 cxd3 24. Rd1 Re8 25. Rxd3 Rxe5 26. Kh2 Re7 27. a4
Rd7 28. b4 Rd6 29. Rd4 Kf8 30. Kh3 Ke7 31. b5 axb5 32. axb5 Kf6 33. b6 Rxb6 34.
d6 Rb8 35. Rf4+ Kg6 36. Rd4 Rd8 37. d7 Kf6 38. Rf4+ Ke7 39. g5 hxg5 40. Re4+
Kxd7 41. Kg4 Re8 42. Rd4+ Kc6 43. Kxg5 Re2 44. g4 Kc5 45. Rd7 Rf2 46. Rd8 g6 47.
Kh6 Rg2 48. g5 Kc6 49. Rf8 Rf2 50. Kg7 Rg2 51. Rxf7 Rxg5 52. Rf6+ Kb7 53. Rxg6
Rc5 54. Kf7 Rc7+ 55. Ke8 Rc8+ 56. Kf7 Rc2 57. Re6 Rf2+ 58. Ke7 Rh2 59. Rf6 Rh7+
60. Rf7 Rh3 61. Kd8+ Kb6 62. Rc7 Rh8+ 63. Kd7 Rh7+ 64. Kd6 Rxc7 65. Kd5 Rc8 66.
Kd6 Rd8+ 67. Ke7 Kc7 68. Kf7 Rd1 69. Kg8 Rf1 70. Kh8 Rg1 71. Kh7 Kd6 72. Kh6 Ke5
73. Kh5 Kf4 74. Kh4 Rh1# {White checkmated} 0-1

[Event "Team 45 45 League T60"]
[Site "Internet Chess Club"]
[Date "2014.03.22"]
[Round "4"]
[White "alexping"]
[Black "achessman"]
[Result "1-0"]
[WhiteElo "1846"]
[BlackElo "1914"]
[Opening "QGD: semi-Slav, Noteboom variation"]
[ECO "D10"]
[Time "22:09:35"]
[TimeControl "2700+45"]

1. d4 d5 2. c4 c6 3. Nc3 e6 4. Nf3 dxc4 5. Ne5 b5 6. g3 f6 7. Nf3 Bb4 8. Bg2 Ne7
9. O-O O-O 10. Qc2 Bxc3 11. bxc3 Re8 12. a4 Bb7 13. Rd1 Nd7 14. axb5 cxb5 15.
Ng5 fxg5 16. Bxb7 Rb8 17. Be4 h6 18. Rxa7 Nb6 19. Ba3 Nec8 20. Ra6 Qd7 21. Bc5
Nd5 22. Rb1 Ncb6 23. Bg6 Rec8 24. e4 Qb7 25. Rba1 Nxc3 26. Rxb6 Qxb6 27. Bxb6
Rxb6 28. Qxc3 b4 29. Qf3 Rf8 30. Bh7+ Kxh7 31. Qxf8 b3 32. Ra7 {Black resigns}
1-0

[Event "Team 45 45 League T60"]
[Site "Internet Chess Club"]
[Date "2014.03.22"]
[Round "4"]
[White "CaoCao"]
[Black "bobhill"]
[Result "1-0"]
[WhiteElo "1906"]
[BlackElo "1923"]
[Opening "Sicilian: dragon, Yugoslav attack, 12.h4"]
[ECO "B77"]
[Time "23:15:54"]
[TimeControl "2700+45"]

1. e4 c5 2. Nf3 d6 3. d4 cxd4 4. Nxd4 Nf6 5. Nc3 g6 6. Be3 Bg7 7. f3 Nc6 8. Qd2
O-O 9. Bc4 Bd7 10. Bb3 Qa5 11. h4 Rfc8 12. O-O-O Ne5 13. Kb1 Nc4 14. Bxc4 Rxc4
15. Nb3 Qc7 16. Bd4 Rc8 17. h5 Be6 18. hxg6 fxg6 19. Bxf6 Bxf6 20. Nd5 Bxd5 21.
Qxd5+ Kg7 22. Rxh7+ Kxh7 23. Qf7+ Kh6 24. f4 Rc5 25. Nxc5 Qxc5 26. Rh1+ Qh5 27.
Rxh5+ gxh5 28. e5 dxe5 29. fxe5 Rd8 30. a3 Bg5 31. Qe6+ Kg7 32. Qf5 Kh6 33. Ka2
h4 34. Qe6+ Kg7 35. Qg4 Kh6 36. g3 hxg3 37. Qxg3 Rd2 38. Qh3+ Kg7 39. Qf5 Kh6
40. Kb3 Rd4 41. Qh3+ Kg6 42. Kc3 Re4 43. Qe6+ Kg7 44. Kd3 Re3+ 45. Kd4 Re2 46.
Qf5 Kh6 47. Kd5 Rd2+ 48. Ke6 Rd4 49. Qh3+ Rh4 50. Qf1 a6 51. Qf8+ Kh7 52. Qc8 b5
53. Kf5 Bc1 54. Qxa6 Rh5+ 55. Ke4 Bxb2 56. Qxb5 Bxa3 57. Qd3 Bb2 58. Kd5+ Kh8
59. c3 Rh2 60. Ke6 Ba3 61. Qg3 Rh6+ 62. Kf7 Rh7+ 63. Ke6 Rh6+ 64. Kd7 Rh7 65. c4
Bc5 66. Qg6 Rg7 67. Qe8+ Rg8 68. Qh5+ Kg7 69. Ke6 Rf8 70. Qg5+ Kh7 71. Kd5 Bb4
72. c5 e6+ 73. Kc4 Rb8 74. Qe7+ Kh8 75. Qc7 Ra8 76. Kxb4 Kg8 77. c6 Kf8 78. Qd6+
Kf7 79. Qd7+ Kf8 80. c7 {Black resigns} 1-0

[Event "Team 45 45 League T60"]
[Site "Internet Chess Club"]
[Date "2014.03.20"]
[Round "4"]
[White "misuc56"]
[Black "Constrictor"]
[Result "1/2-1/2"]
[WhiteElo "1829"]
[BlackElo "1635"]
[Opening "Budapest defense declined"]
[ECO "A51"]
[Time "17:03:30"]
[TimeControl "2700+45"]

1. d4 Nf6 2. c4 e5 3. e3 exd4 4. exd4 Bb4+ 5. Nc3 O-O 6. Nf3 Re8+ 7. Be2 d5 8.
O-O Bg4 9. Ne5 Bxe2 10. Qxe2 Nbd7 11. f4 Bxc3 12. bxc3 dxc4 13. Qxc4 Re7 14. Ba3
Re6 15. Rae1 Nb6 16. Qb3 Qd5 17. f5 Qxb3 18. axb3 Ree8 19. c4 Nbd7 20. Nxd7 Nxd7
21. h3 f6 22. g4 Kf7 23. Kf2 Rxe1 24. Rxe1 Re8 25. Rxe8 Kxe8 26. h4 Kf7 27. Kf3
Nb8 28. d5 Nd7 29. g5 a5 30. Ke4 a4 31. bxa4 Nb6 32. Kd4 Nxa4 33. c5 b6 34. c6
b5 35. d6 cxd6 36. Bxd6 Nb6 37. Kc5 Nc8 38. Bf4 Ne7 39. Kxb5 Ke8 40. gxf6 gxf6
41. Kc5 Kd8 42. Kd6 Nxf5+ 43. Ke6 Nd4+ 44. Kxf6 Nxc6 45. Bd6 Ke8 46. h5 Nd4 47.
Bc5 Ne2 48. Kg7 Ng3 {Game drawn by mutual agreement} 1/2-1/2

[Event "Team 45 45 League T60"]
[Site "Internet Chess Club"]
[Date "2014.03.22"]
[Round "4"]
[White "LittleButton"]
[Black "Otelo"]
[Result "0-1"]
[WhiteElo "1921"]
[BlackElo "1888"]
[Opening "King's Indian: Torre attack"]
[ECO "A48"]
[Time "08:00:46"]
[TimeControl "2700+45"]

1. d4 Nf6 2. Nf3 g6 3. Bg5 Bg7 4. Nbd2 O-O 5. e3 d5 6. Bd3 b6 7. Qe2 a5 8. Ne5
Nfd7 9. Nxd7 Qxd7 10. f3 Ba6 11. Bxa6 Nxa6 12. c3 c5 13. O-O cxd4 14. exd4 e6
15. a4 Nc7 16. Bf4 Ne8 17. Nb3 Nd6 18. Bxd6 Qxd6 19. Nc1 Rfc8 20. Nd3 Rc4 21. f4
Qc6 22. Qd1 Rc8 23. Ne1 b5 24. axb5 Qxb5 25. Nd3 a4 26. Qe2 Ra8 27. Ra3 Rb8 28.
Rfa1 Ra8 29. Qd1 Bf8 30. R3a2 a3 31. Qd2 Qa5 32. b4 Qb6 33. Rxa3 Rac8 34. Nc5
Be7 35. Ra6 Qb5 36. R1a5 Qe8 37. Ra7 Bd6 38. Rb7 Ra8 39. Raa7 Rxa7 40. Rxa7 Bxc5
41. bxc5 Qb8 42. Qa2 Qxf4 43. Qe2 Rxc3 44. Ra4 Rc1+ {White resigns} 0-1